 Dungeon Crawl Stone Soup version 0.28.0-43-g3370ac3207 (webtiles) character file.

Game seed: 7466183835683619642

50 jussius the Insei (level 3, -2/26 HPs)
             Began as a Merfolk Transmuter on Mar 29, 2022.
             Slain by an orc wizard
             ... wielding a +0 dagger
              (4 damage)
             ... on level 2 of the Dungeon.
             The game lasted 00:12:19 (614 turns).

jussius the Insei (Merfolk Transmuter)               Turns: 614, Time: 00:12:19

Health: -2/26      AC:  3    Str: 18    XL:     3   Next: 79%
Magic:  5/6        EV: 13    Int: 12    God:
Gold:   21         SH:  5    Dex: 14    Spells: 0/6 levels left

rFire   . . .      SeeInvis .     - Unarmed
rCold   . . .      Faith    .   (no shield)
rNeg    . . .      Spirit   .   h - +0 animal skin
rPois   .          Reflect  +   i - +0 helmet
rElec   .          Harm     .   (no cloak)
rCorr   .          Rampage  .   (no gloves)
Will    .....                   (no boots)
Stlth   +.........              f - amulet of reflection
HPRegen 0.08/turn               b - +6 ring of strength
MPRegen 0.10/turn               (no ring)

@: wereblooded
A: (nimble swimmer 2), mertail
a: no special abilities


You were on level 2 of the Dungeon.
You visited 1 branch of the dungeon, and saw 2 of its levels.

You collected 21 gold pieces.

Inventory:

Missiles
 c - 24 stones
 d - 3 poisoned darts
Armour
 a - a +0 robe
 h - a +0 animal skin (worn)
 i - a +0 helmet (worn)
Jewellery
 b - a +6 ring of strength (left hand)
 f - an amulet of reflection (around neck)
Potions
 e - 2 potions of cancellation {unknown}
 g - a potion of flight {unknown}


   Skills:
 + Level 1.1 Fighting
 + Level 0.4 Throwing
 + Level 3.1 Dodging
 + Level 4.3 Unarmed Combat
 + Level 2.2 Spellcasting
 + Level 3.2 Transmutations


You couldn't memorise any spells.
You knew the following spells:

 Your Spells              Type           Power      Damage    Failure   Level
a - Beastly Appendage     Tmut           18%        N/A       7%          1
b - Wereblood             Tmut           9%         N/A       11%         2
c - Spider Form           Tmut/Pois      5%         N/A       38%         3

Your spell library contained the following spells:

 Spells                   Type           Power      Damage    Failure   Level
 Dazzling Flash           Conj/Hex       2%         N/A       63%         3
 Ice Form                 Ice/Tmut       5%         N/A       80%         4
 Iskenderun's Mystic Bla  Conj/Tloc      1%         2d3       95%         4
 Starburst                Conj/Fire      0%         6d3       100%        6


Dungeon Overview and Level Annotations

Branches:
Dungeon (2/15)

Altars:


Innate Abilities, Weirdness & Mutations

((You are very nimble when in or above water. (Stealth+, EV+, Speed+++)))
Your lower body shifts to a powerful aquatic tail in water.


Message History

The orc closely misses you.
There is an open door here.
The orc barely misses you.
You can't go up here!
Casting: Wereblood (safe; 11% risk of failure)
Confirm with . or Enter, or press ? or * to list all spells.
Your blood is infused with primal strength.
The orc hits you with a +0 hand axe.
* * * LOW HITPOINT WARNING * * *
You closely miss the orc. The orc misses you.
You hit the orc. Your punch misses the orc.
The orc is almost dead.
You closely miss the orc.
The orc is almost dead.
The orc misses you.
You hit the orc.
You feel a bit better.
You kill the orc!
The orc wizard casts a spell.
The orc wizard flickers and vanishes!
Deactivating autopickup; reactivate with Ctrl-A.
You block something's attack.
Things that are here:
a +0 hand axe; an orc corpse You closely miss something.
Something barely misses you.
You closely miss something. Something hits you but does no damage.
You closely miss something.
You hear some strange, mumbled words.
A magic dart appears from out of thin air!
The magic dart hits you.
* * * LOW HITPOINT WARNING * * *
You miss something. You block something's attack.
You miss something. Something hits you.
* * * LOW HITPOINT WARNING * * *
You miss something. Something hits you.
* * * LOW HITPOINT WARNING * * *
You hit something but do no damage. You miss something.
Something hits you but does no damage.
You barely miss something. Something hits you but does no damage.
You miss something. Something hits you.
You die...

#.# #######.##
#.....o..###
#..........#
######..###...#.#
...........#.##.###
######..##........
#..####.##.##
#.{@...)...#
#######)#### #)# ##
#)# ##.# #.#
##...###.#
##.....##.#####.#
##................
............####.#


There were no monsters in sight!

Vanquished Creatures
  Robin (D:2)
  A worm (D:2)
  2 orcs (D:2)
  2 bats (D:1)
  2 endoplasms (D:1)
  10 goblins
  4 hobgoblins
  3 kobolds
  2 frilled lizards
  3 rats (D:1)
30 creatures vanquished.

Notes
Turn   | Place    | Note
-------+----------+-------------------------------------------
     0 | D:1      | jussius the Merfolk Transmuter began the quest for the Orb.
     0 | D:1      | Reached XP level 1. HP: 15/15 MP: 3/3
   121 | D:1      | Reached XP level 2. HP: 15/21 MP: 5/5
   131 | D:1      | Learned a level 2 spell: Wereblood
   463 | D:2      | Noticed Robin
   471 | D:2      | Reached XP level 3. HP: 18/26 MP: 3/6
   477 | D:2      | Killed Robin
   478 | D:2      | Reached skill level 4 in Unarmed Combat
   555 | D:2      | Learned a level 3 spell: Spider Form
   614 | D:2      | Slain by an orc wizard

Illustrated notes

Levels and vault maps discovered:
D:1:      minmay_arrival_checkered_box, layout_basic
D:2:      layout_loops_corners, minmay_tromino_v7, uniq_robin

Skill      XL: |  1  2  3 |
---------------+----------+-----
Transmutations | 3 |  3.2
Dodging        | 3 |  3.1
Unarmed Combat | 4 |  4.3
Fighting       | |  1.1
Throwing       | |  0.4
Spellcasting   | |  2.2

Action                   || total
-------------------------++-------
Melee: Unarmed           ||   109
       Punch             ||     4
       Headbutt          ||     1
Throw: Stone             ||    10
 Cast: Wereblood         ||     2
       Beastly Appendage ||     1
  Use: Scroll            ||     1
 Stab: Sleeping          ||     1
Armor: Robe              ||    14
       Animal skin       ||     4
Dodge: Dodged            ||    46
Block: Other             ||    11
